 Dungeon Crawl Stone Soup version 0.19-a0-1498-g0b85ae9 (webtiles) character file.

49 rlgrobin the Digger (level 3, -10/26 HPs)
             Began as a Demigod Earth Elementalist on Sept 10, 2016.
             Killed by nerve-wracking pain
             ... invoked by an orc priest
              (14 damage)
             ... on level 3 of the Dungeon.
             The game lasted 00:04:24 (846 turns).

rlgrobin the Digger (Demigod Earth Elementalist)     Turns: 846, Time: 00:04:24

Health: -10/26     AC:  2    Str: 11    XL:     3   Next: 32%
Magic:  1/8        EV: 12    Int: 21    God:
Gold:   56         SH:  0    Dex: 16    Spells: 1 memorised, 4 levels left

rFire  . . .     SeeInvis .     a - +0 dagger
rCold  . . .     Gourm    .     c - +0 robe
rNeg   . . .     Faith    .     (no shield)
rPois  .         Spirit   .     (no helmet)
rElec  .         Dismiss  .     (no cloak)
rCorr  .         Reflect  .     (no gloves)
MR     .....     Harm     .     (no boots)
Stlth  ++........               (no amulet)
                                (no ring)
                                (no ring)

@: no status effects
A: high mp 1
a: no special abilities


You were on level 3 of the Dungeon.
You were not hungry.

You visited 1 branch of the dungeon, and saw 4 of its levels.

You collected 56 gold pieces.

Inventory:

Hand Weapons
 a - a +0 dagger (weapon)
Missiles
 b - 72 stones (quivered)
 n - 4 large rocks
Armour
 c - a +0 robe (worn)
 f - a +0 ring mail
Scrolls
 j - 2 scrolls of teleportation {unknown}
 l - a scroll of identify {unknown}
 m - a scroll of remove curse {unknown}
 o - 2 scrolls of fear {unknown}
Potions
 g - a potion of ambrosia {unknown}
 i - a potion of flight {unknown}
Books
 e - a book of Geomancy

   Spells                             Type                      Level
   a - Sandblast                      Earth                        1
   b - Passwall                       Transmutation/Earth          2
   c - Stone Arrow                    Conjuration/Earth            3
   d - Petrify                        Transmutation/Earth          4
   e - Lee's Rapid Deconstruction     Earth                        5
 h - a book of Debilitation

   Spells                             Type                      Level
   a - Corona                         Hexes                        1
   b - Slow                           Hexes                        2
   c - Gell's Gravitas                Hexes/Translocation          3
   d - Inner Flame                    Hexes/Fire                   3
   e - Cause Fear                     Hexes                        4
   f - Leda's Liquefaction            Hexes/Earth                  4
Comestibles
 d - 2 bread rations
 k - 8 fruits
 p - a chunk of flesh {@w1}


   Skills:
 - Level 1.7 Dodging
 - Level 1.7 Stealth
 - Level 1.7 Spellcasting
   Level 0.8 Transmutations
 + Level 4.1 Earth Magic


You had 4 spell levels left.
You knew the following spells:

 Your Spells              Type           Power        Failure   Level  Hunger
a - Sandblast             Erth           ###...       2%          1    #......


Dungeon Overview and Level Annotations

Branches:
Dungeon (4/15)
 Temple: D:4-7


Innate Abilities, Weirdness & Mutations

You have an increased reservoir of magic. (+10% MP)


Message History

Beogh smites you!
* * * LOW HITPOINT WARNING * * *
Casting: Sandblast
Confirm with . or Enter, or press ? or * to list all spells.
Aiming: Sandblast
Press: ? - help, Shift-Dir - straight line, f/p - orc priest
Aim: an orc priest, wielding a short sword and wearing a ring mail (severely wounded)
The rocky blast hits the orc priest.
The orc priest is almost dead.
The orc priest barely misses you.
Really attack while wielding your 72 stones?
Okay, then.
a - a +0 dagger (weapon)
The orc priest completely misses you.
You hit the orc priest but do no damage.
The orc priest is almost dead.
The orc priest mumbles some strange prayers to Beogh against you.
Pain shoots through your body!
Ouch! That really hurt!
You die...

#.# #.# ### #.# #.#
##.####.# #.#
#.......# #.#
##...###.# #.#
#.....)..#####.#
##...##..#>....#
######)###.[#.#####
#..?...@o...#.#####
#.#########.#.....#
#### #.#####.# ...#
#.# #.# ##.# .# #.#
#.# .# #.# #.# .#
#.# #.## #.# #.#.
#.#


You could see an orc priest.

Vanquished Creatures
  3 adders
  A giant gecko (D:3)
  3 orcs (D:3)
  A giant cockroach (D:3)
  2 goblins
  3 jackals (D:3)
  3 bats (D:2)
  2 giant newts (D:3)
  A kobold (D:2)
  A rat (D:3)
20 creatures vanquished.

Notes
Turn   | Place    | Note
-------+----------+-------------------------------------------
     0 | D:1      | rlgrobin the Demigod Earth Elementalist began the quest for the Orb.
     0 | D:1      | Reached XP level 1. HP: 14/14 MP: 5/5
    10 | D:1      | You fall through a shaft!
    15 | D:2      | Reached skill level 3 in Earth Magic
    57 | D:2      | Reached XP level 2. HP: 20/20 MP: 4/7
   182 | D:2      | You fall through a shaft for 2 floors!
   217 | D:4      | Noticed an ogre
   309 | D:3      | Reached XP level 3. HP: 26/26 MP: 5/8
   701 | D:3      | Reached skill level 4 in Earth Magic
   846 | D:3      | Killed from afar by an orc priest

Vault maps used:
D:1:      lemuel_arrival_broad_hall, serial_aquarium,
          aquarium_bridge_long_separate, aquarium_window_corner,
          aquarium_window_1, aquarium_view_2b
D:2:      serial_glass, glass_columns_a, glass_columns_b, glass_columns_b,
          glass_columns_b, glass_columns_b, glass_columns_b,
          nemelex_xobeh_ov_fountains_minmay
D:4:      first_bread

Skill      XL: |  1  2  3 |
---------------+----------+-----
Earth Magic    | 3 4 |  4.1
Dodging        | |  1.7
Stealth        | |  1.7
Spellcasting   | |  1.7
Transmutations | |  0.8

Action                   || total
-------------------------++-------
Melee: Dagger            ||     2
Throw: Stone             ||     5
 Cast: Sandblast         ||    38
Armor: Robe              ||     2
Dodge: Dodged            ||     7
